 Dungeon Crawl Stone Soup version 0.20.1-1-g8b1a95d (webtiles) character file.

50 Schiappus the Slasher (level 3, -3/29 HPs)
             Began as a Demonspawn Berserker on Sept 19, 2017.
             Was a Believer of Trog.
             Blown up by Ijyb (16 damage)
             ... with a wand of disintegration (?/24)
             ... on level 2 of the Dungeon.
             The game lasted 00:03:57 (1374 turns).

Schiappus the Slasher (Demonspawn Berserker)        Turns: 1374, Time: 00:03:58

Health: -3/29      AC:  6    Str: 18    XL:     3   Next: 55%
Magic:  3/3        EV: 11    Int:  8    God:    Trog [**....]
Gold:   59         SH:  0    Dex: 12    Spells: 2/2 levels left

rFire    . . .     SeeInvis .   a - +0 falchion
rCold    . . .     Gourm    .   (no shield)
rNeg     . . .     Faith    .   d - +0 ring mail (curse)
rPois    .         Spirit   .   (no helmet)
rElec    .         Reflect  .   (no cloak)
rCorr    .         Harm     .   (no gloves)
MR       .....                  p - +0 pair of boots
Stlth    +.........             (no amulet)
Regen    0.1/turn               (no ring)
MPRegen  0.1/turn               (no ring)

@: no status effects
A: talons 1, rot immunity
a: Berserk, Trog's Hand, Burn Spellbooks, Renounce Religion


You were on level 2 of the Dungeon.
You worshipped Trog.
Trog was pleased with you.
You were not hungry.

You visited 1 branch of the dungeon, and saw 2 of its levels.

You collected 59 gold pieces.

Inventory:

Hand Weapons
 a - a +0 falchion (weapon)
Armour
 b - a +0 animal skin
 d - a cursed +0 ring mail (worn)
 f - a +2 pair of boots
 p - a +0 pair of boots (worn)
Scrolls
 g - a scroll of enchant armour {unknown}
 j - 2 scrolls of fog
 k - a scroll of amnesia {unknown}
 m - a scroll of immolation {unknown}
 n - a scroll of magic mapping {unknown}
 q - a scroll of noise {unknown}
 r - a scroll of teleportation {unknown}
Potions
 e - 2 potions of resistance {unknown}
 h - 2 potions of agility {unknown}
 i - a potion of curing {unknown}
 l - 2 potions of brilliance {unknown}
 o - a potion of haste {unknown}
Comestibles
 c - a bread ration
 s - 2 fruits


   Skills:
 + Level 3.3 Fighting
 + Level 3.5 Long Blades
 + Level 2.0 Armour
 + Level 2.1 Dodging


You had 2 spell levels left.
You didn't know any spells.

Dungeon Overview and Level Annotations

Branches:
Dungeon (2/15)

Altars:
Nemelex Xobeh

Annotations:
D:2 Ijyb


Innate Abilities, Weirdness & Mutations

You have sharp toenails.
You are immune to rotting.


Message History

You barely miss Ijyb.
Ijyb is lightly wounded.
Ijyb zaps a wand.
You are blasted!
It is a wand of disintegration (?/24).
You hit Ijyb.
Ijyb is moderately wounded.
Ijyb hits you but does no damage.
You hit Ijyb but do no damage.
Ijyb is moderately wounded.
Ijyb hits you but does no damage.
You completely miss Ijyb.
Ijyb is moderately wounded.
Ijyb hits you but does no damage.
You hit Ijyb but do no damage.
Ijyb is moderately wounded.
Ijyb hits you but does no damage.
You barely miss Ijyb.
Ijyb is moderately wounded.
Ijyb zaps a wand.
You are blasted!
Ouch! That really hurt!
You die...

..................###
##..#
..................#
#.>#
..................#
8.(...8 ##.#
................###
.g..g.. #.#
...........#....#
8g..g.8 #.#
....##.....#....#
..g.... #.#
...###.....#....#
8.g...8 #.# ...#
#.....#....####..g....
#.# ...#
#.....#....@gg#8.....8
#.# ####
#.....#....##gg.......
#.#
#.....########........
#.# #.....# #########
#.# ####### #.# #.#
#.# #.# #.#


You could see Ijyb and 3 goblins.

Vanquished Creatures
  An adder (D:2)
  2 worms (D:2)
  A dart slug (D:1)
  8 goblins
  2 hobgoblins (D:2)
  2 jackals (D:2)
  4 kobolds
  2 quokkas (D:2)
  3 bats
  4 frilled lizards
  5 rats
34 creatures vanquished.

Notes
Turn   | Place    | Note
-------+----------+-------------------------------------------
     0 | D:1      | Schiappus the Demonspawn Berserker began the quest for the Orb.
     0 | D:1      | Reached XP level 1. HP: 18/18 MP: 1/1
   197 | D:1      | Found a sparkling altar of Nemelex Xobeh.
   314 | D:1      | Gained mutation: You have sharp toenails. [demonic ancestry]
   314 | D:1      | Reached XP level 2. HP: 24/24 MP: 2/2
   550 | D:2      | Gained mutation: You are immune to rotting. [demonic ancestry]
   550 | D:2      | Reached XP level 3. HP: 23/29 MP: 3/3
   718 | D:2      | Reached ** piety under Trog
  1351 | D:2      | Noticed Ijyb
  1374 | D:2      | Blown up by Ijyb

Skill      XL: |  1  2 |
---------------+-------+-----
Long Blades    | 3 |  3.5
Armour         | 2 |  2.0
Dodging        | 2 |  2.1
Fighting       | |  3.3

Action                   || total
-------------------------++-------
Melee: Falchion          ||   108
  Use: Scroll            ||     1
  Eat: Chunk             ||     2
Armor: Ring mail         ||    58
Dodge: Dodged            ||    79
       Rpst.: Falchion   ||    32
